Map: Dreamcatcher LE

Players

Neeb

  • Race: Protoss Protoss
  • Spawn Location: 5:00

MaNa - Winner!

  • Race: Protoss Protoss
  • Spawn Location: 11:00

Event: WCS Austin 2018

VOD

Have the link to the VOD?

Description

Time

  • Played on: June 2, 2018, 5:27 p.m.
  • Length: 10:19

All games in this series

Show
View Real Time Build Order
Export as new Build Order

Neeb Protoss 

Build Orders: Oracle Opening 

Get SALT Encoding   

  12  0:00  Probe  
  13  0:13  Probe  
  14  0:18  Pylon  
  14  0:24  Probe  
  15  0:32  Probe  
  15  0:38  Gateway  
  15  0:40  Probe  
  16  0:46  Assimilator  
  17  0:51  Probe  
  17  0:54  Assimilator  
  18  0:59  Probe  
  19  1:07  Probe  
  19  1:08  Gateway  
  20  1:18  Probe  
  20  1:25  Cybernetics Core  
  21  1:30  Probe  
  22  1:35  Pylon  
  22  1:42  Probe  
  24  1:54  Probe  
  24  2:02  Stalker, Sentry, Warp Gate  
  24  2:06  Probe  
  29  2:13  Pylon  
  28  2:31  Stargate  
  28  2:38  Stalker  
  30  2:51  Nexus  
  30  2:57  Shield Battery  
  30  3:00  Probe  
  30  3:05  Oracle  
  31  3:12  Probe  
  35  3:21  Pylon  
  35  3:24  Probe  
  36  3:36  Probe  
  37  3:42  Void Ray  
  40  3:54  Shield Battery  
  41  4:06  Stalker, Sentry  
  45  4:19  Void Ray  
  49  4:33  Pylon  
  49  4:52  Pylon  
  49  4:56  Pylon  
  49  5:10  Void Ray, Probe  
  54  5:17  Adept x2  
  58  5:40  Adept x2  
  58  5:42  Probe  
  63  5:59  Pylon  
  63  6:01  Pylon  
  63  6:08  Probe  
  58  6:20  Nexus  
  58  6:24  Robotics Facility  
  58  6:27  Sentry x2  
  58  6:30  Nexus  
  62  6:36  Pylon  
  62  6:39  Probe  
  63  6:51  Probe  
  60  7:03  Probe  
  60  7:05  Immortal  
  60  7:08  Stalker x2  
  55  7:22  Shield Battery  
  55  7:35  Stalker  
  55  7:37  Stalker  
  55  7:40  Immortal  
  53  7:52  Probe  
  54  8:08  Probe  
  54  8:09  Assimilator  
  54  8:10  Assimilator  
  54  8:11  Twilight Council  
  53  8:16  Stalker, Sentry  
  57  8:25  Immortal  
  60  8:36  Gateway  
  60  8:38  Gateway  
  60  8:47  Probe  
  61  8:57  Warp Prism  
  61  8:59  Stalker x2  
  67  9:12  Gateway  
  66  9:35  Immortal  
  45  9:52  Pylon  
  45  9:54  Probe  
  40  10:05  Stalker  
  40  10:06  Stalker  
  39  10:13  Stalker  
Show
View Real Time Build Order
Export as new Build Order

MaNa Protoss - Winner!

Build Orders:  

Get SALT Encoding   

  12  0:00  Probe  
  13  0:12  Probe  
  14  0:18  Pylon  
  14  0:24  Probe  
  15  0:32  Probe  
  15  0:38  Gateway  
  15  0:40  Probe  
  16  0:48  Assimilator  
  17  0:50  Probe  
  17  0:55  Assimilator  
  18  0:58  Probe  
  19  1:06  Probe  
  19  1:08  Gateway  
  20  1:17  Probe  
  21  1:26  Cybernetics Core  
  21  1:29  Probe  
  22  1:34  Pylon  
  22  1:41  Probe  
  23  1:53  Warp Gate  
  23  1:54  Probe  
  24  2:02  Stalker x2  
  29  2:12  Pylon  
  28  2:22  Robotics Facility  
  28  2:32  Stalker  
  30  2:37  Stalker  
  32  2:51  Gateway  
  32  3:02  Stalker  
  32  3:04  Warp Prism  
  34  3:07  Stalker  
  38  3:22  Pylon  
  38  3:32  Shield Battery  
  38  3:59  Stalker x2  
  38  4:01  Stalker  
  44  4:09  Pylon  
  44  4:25  Stalker  
  44  4:29  Stalker x2  
  50  4:39  Stargate  
  49  4:46  Twilight Council  
  49  4:50  Sentry  
  51  4:53  Sentry  
  51  4:55  Probe  
  54  5:02  Blink  
  48  5:17  Stalker  
  50  5:24  Probe  
  50  5:36  Probe  
  51  5:45  Observer  
  51  5:48  Nexus  
  53  6:00  Stalker  
  53  6:01  Probe  
  47  6:13  Probe  
  42  6:25  Stalker x2, Probe  
  45  6:33  Stalker  
  45  6:37  Probe  
  48  6:49  Stalker, Probe  
  51  7:00  Probe  
  48  7:03  Probe  
  47  7:11  Stalker  
  47  7:13  Probe  
  47  7:15  Probe  
  51  7:22  Stalker  
  52  7:33  Probe  
  53  7:37  Probe  
  50  7:45  Probe  
  50  7:46  Stalker  
  51  7:54  Pylon, Probe  
  52  8:00  Stalker, Warp Prism  
  54  8:08  Probe x2  
  58  8:16  Sentry x2  
  62  8:20  Probe x2  
  62  8:23  Sentry  
  62  8:26  Pylon  
  66  8:36  Gateway  
  66  8:38  Gateway  
  66  8:53  Stalker x3  
  72  8:55  Probe x2  
  74  9:05  Pylon x2  
  74  9:11  Pylon  
  72  9:23  Stalker x3  
  66  9:46  Zealot x2, Sentry  
  58  10:03  Zealot  
  58  10:04  Zealot  
  58  10:16  Stalker  
Tags
 
Add a new tag
Caveats
  • Supply blocks, unpowered buildings, or Contaminate may cause inaccurate times.
  • Supply counts are checked every 10 seconds.